 Dungeon Crawl Stone Soup version 0.31-a0-844-gdc52ec4e09 (webtiles) character file.

Game seed: 4071585511764010579

11820 JackS81 the Destroyer (level 11, -11/186 HPs)
             Began as a Red Draconian Conjurer on Sept 18, 2023.
             Was a Believer of Vehumet.
             Killed from afar by a rime drake (23 damage)
             ... with an icy flash freeze
             ... on level 1 of the Lair of Beasts on Sept 28, 2023.
             The game lasted 01:20:00 (13107 turns).

JackS81 the Destroyer (Red Draconian Conjurer)     Turns: 13107, Time: 01:20:00

Health: -11/186    AC: 25    Str: 10    XL:     11   Next: 54%
Magic:  7/24       EV:  2    Int: 22    God:    Vehumet [**....]
Gold:   285        SH:  0    Dex: 10    Spells: 9/29 levels left

rFire   . . .        w - +2 whip (venom)
rCold   . . .        (no shield)
rNeg    . . .        (body armour unavailable)
rPois   +            (helmet currently unavailable)
rElec   .            (cloak currently unavailable)
rCorr   .            q - melded +0 pair of gloves
SInv    .            z - melded +0 pair of boots
Will    +....        (no amulet) Stlth
                     n - +5 ring of evasion
HPRegen 0.51/turn    A - ring of willpower
MPRegen 0.19/turn

%: no passive effects
@: berserking, tree-form, very quick
A: stationary, stasis, torment immunity, boosted hp, (breathe fire), AC +7,
unfitting armour, (fire resistance 1), (cold-blooded)
a: Renounce Religion


You were on level 1 of the Lair of Beasts.
You worshipped Vehumet.
Vehumet was pleased with you.
You were a tree.
You visited 3 branches of the dungeon, and saw 12 of its levels.

You collected 1086 gold pieces.
You spent 801 gold pieces at shops.

Inventory:

Hand Weapons
 c - a +0 whip
 s - a +0 shortbow
 w - a +2 whip of venom (weapon)
 F - a +1 whip of holy wrath
 L - a +4 mace
 M - a +2 dire flail
Missiles
 i - 16 poisoned darts (quivered)
 j - 111 stones
Armour
 q - a +0 pair of gloves (melded)
 z - a +0 pair of boots (melded)
 H - a +2 buckler
Magical Staves
 m - a staff of cold
Jewellery
 n - a +5 ring of evasion (left branch)
 A - a ring of willpower (right branch)
 O - an amulet of regeneration
 U - a ring of see invisible
Talismans
 h - a blade talisman
 I - a granite talisman
Wands
 v - a wand of flame (53)
 D - a wand of roots (2)
 Q - a wand of mindburst (1)
 R - a wand of polymorph (6)
Scrolls
 b - 2 scrolls of enchant weapon {unknown}
 d - 9 scrolls of identify
 k - 3 scrolls of poison {unknown}
 l - 2 scrolls of vulnerability {unknown}
 o - 3 scrolls of amnesia {unknown}
 p - 3 scrolls of silence {unknown}
 t - 2 scrolls of torment {unknown}
 x - a scroll of fear {unknown}
 y - 3 scrolls of fog {unknown}
 B - 5 scrolls of enchant armour {unknown}
 C - a scroll of blinking {unknown}
 E - 7 scrolls of teleportation
 G - a scroll of brand weapon {unknown}
 T - a scroll of summoning {unknown}
 V - a scroll of revelation {unknown}
Potions
 a - 2 potions of magic
 e - a potion of haste
 f - 4 potions of lignification
 r - a potion of might
 J - 2 potions of mutation
 K - 2 potions of attraction
 N - a potion of enlightenment {unknown}
 P - a potion of invisibility {unknown}


   Skills:
 + Level 3.7 Fighting
 * Level 5.3 Maces & Flails
 - Level 1.7 Dodging
 - Level 1.7 Stealth
 - Level 1.0 Shields
 + Level 9.5 Spellcasting
 + Level 11.9 Conjurations
 * Level 7.5 Hexes
 * Level 1.4 Air Magic
 - Level 0.2 Poison Magic


You had 9 spell levels left.
You knew the following spells:

 Your Spells              Type           Power      Damage    Failure   Level
a - Magic Dart            Conj           100%       1d8       1%          1
b - Searing Ray           Conj           100%       2d8       1%          2
c - Fulminant Prism       Conj/Hex       26%        3d14      1%          4
d - Mephitic Cloud        Conj/Pois/Air  30%        N/A       3%          3
e - Conjure Ball Lightni  Conj/Air       20%        3x3d6     52%         6
f - Iskenderun's Mystic   Conj/Tloc      36%        2d9       5%          4

Your spell library contained the following spells:

 Spells                   Type           Power      Damage    Failure   Level
 Scorch                   Fire           20%        2d5       10%         2
 Slow                     Hex            100%       N/A       1%          1
 Static Discharge         Conj/Air       80%        2-6/arc   1%          2
 Confusing Touch          Hex            43%        N/A       1%          3
 Dazzling Flash           Conj/Hex       100%       N/A       1%          3
 Hailstorm                Conj/Ice       36%        3d9       1%          3
 Sigil of Binding         Hex            43%        N/A       1%          3
 Sting                    Tmut/Pois      44%        1d5       6%          1
 Poisonous Vapours        Pois/Air       28%        N/A       7%          2
 Call Imp                 Summ           20%        N/A       10%         2
 Vampiric Draining        Necr           10%        2d6       19%         3
 Airstrike                Air            8%         2d(2-18)  34%         4
 Summon Lightning Spire   Summ/Air       13%        N/A       43%         4
 Olgreb's Toxic Radiance  Pois           11%        N/A       50%         4
 Summon Ice Beast         Ice/Summ       10%        N/A       54%         4
 Simulacrum               Ice/Necr       5%         N/A       100%        6
 Discord                  Hex            21%        N/A       100%        8
 Disjunction              Tloc           5%         N/A       100%        8


Dungeon Overview and Level Annotations

Branches:
Dungeon (10/15)            Temple (1/1) D:7            Lair (1/5) D:10
    Orc (0/2) D:9

Altars:
Ashenzari
Cheibriados
Dithmenos
Elyvilon
Fedhas
Gozag
Hepliaklqana
Kikubaaqudgha
Makhleb
Nemelex Xobeh
Okawaru
Qazlal
Ru
Sif Muna
Trog
Uskayaw
Vehumet
Wu Jian
Xom
Yredelemnul
Zin
The Shining One

Shops:
D:3 :   D:7 !   D:9 [[   D:10 *

Annotations:
D:4 2 transporters
D:9 2 transporters, gyole's ghost, novice DrSh


Innate Abilities, Weirdness & Mutations

You are a tree.
Your roots penetrate the ground, keeping you stationary.
You cannot be teleported.
You are immune to unholy pain and torment.
Your maximum health is greatly increased.
Your equipment is partially melded.
((You can breathe blasts of fire.))
((Your fiery red scales are hard. (AC +7)))
You cannot fit into any form of body armour.
((Your flesh is heat resistant. (rF+)))
((You are cold-blooded and may be slowed by cold attacks.))


Message History

* * * LOW HITPOINT WARNING * * *
You barely miss the black mamba.
The black mamba is moderately wounded.
The black mamba bites you but does no damage.
You closely miss the black mamba.
The black mamba is moderately wounded.
The black mamba bites you!
* * * LOW HITPOINT WARNING * * *
The black mamba bites you.
* * * LOW HITPOINT WARNING * * *
The rime drake hisses angrily.
You hit the black mamba but do no damage.
The black mamba is moderately wounded.
The black mamba bites you.
* * * LOW HITPOINT WARNING * * *
You feel much better. The black mamba bites you!
* * * LOW HITPOINT WARNING * * *
The black mamba bites you.
* * * LOW HITPOINT WARNING * * *
You hit the black mamba but do no damage.
The black mamba is moderately wounded.
The black mamba bites you but does no damage. x2
You hit the black mamba.
The black mamba looks even sicker.
Your punch misses the black mamba.
The black mamba is moderately wounded.
The black mamba bites you but does no damage.
You closely miss the black mamba.
The black mamba is moderately wounded.
The black mamba bites you.
* * * LOW HITPOINT WARNING * * *
The rime drake bites you.
* * * LOW HITPOINT WARNING * * *
The black mamba bites you but does no damage.
You cannot teleport because you are held in place by your roots.
A red film seems to cover your vision as you go berserk!
You feel yourself moving faster!
You feel mighty! The black mamba bites you!
* * * LOW HITPOINT WARNING * * *
The rime drake breathes ice at you. The icy flash freeze hits you!!
You die...

.......###....k#
................#
..$.............#
................### ###
...........#......###.##
..........†.............
.........†.†......†.....
.......Sk.......##......
.......♣..###.####......
......##### ### #.......
.....# #.#P#... .....
#####... .... #.... #.
#>... ## ##.. #.....
#..##.... ##....
##........ #....


You could see a black mamba (very poisoned) and a rime drake (catching breath).

Vanquished Creatures
  Fannar (D:10)
  Erolcha (D:10)
  A two-headed ogre (D:10)
  A fire crab (D:10)
  Joseph (D:8)
  A gargoyle (D:10)
  2 rime drakes (Lair:1)
  2 komodo dragons (Lair:1)
  3 blink frogs (Lair:1)
  2 wraiths
  2 wyverns
  12 yaks
  An acid dragon (D:9)
  Duvessa (D:5)
  4 water moccasins
  3 ice beasts
  2 sky beasts (D:7)
  3 black bears
  5 orc warriors
  2 ogres (D:5)
  5 centaurs
  A phantom (D:4)
  2 kobold brigands (D:8)
  2 bullfrogs
  A gnoll sergeant (D:8)
  2 scorpions
  9 wights
  Dowan (D:5)
  5 killer bees (D:10)
  4 howler monkeys
  A bullfrog zombie (D:4)
  3 hounds
  A bullfrog skeleton (D:4)
  6 orc priests
  2 iguanas
  A sleepcap (D:5)
  3 scorpion zombies (D:4)
  16 orc wizards
  A hound zombie (D:4)
  5 gnolls
  6 adders
  2 white imps (D:5)
  2 ufetubi (D:5)
  3 adder zombies (D:4)
  4 dart slugs
  43 orcs
  5 ball pythons
  9 endoplasms
  2 giant cockroaches (D:1)
  10 goblins
  7 hobgoblins
  5 jackals
  16 kobolds
  A quokka (D:4)
  6 bats
  7 frilled lizards
  6 rats
  A butterfly (D:7)
256 creatures vanquished.

Vanquished Creatures (others)
  67 fulminant prisms
67 creatures vanquished.

Grand Total: 323 creatures vanquished

Notes
Turn   | Place    | Note
-------+----------+-------------------------------------------
     0 | D:1      | JackS81 the Draconian Conjurer began the quest for the Orb.
     0 | D:1      | Reached XP level 1. HP: 14/14 MP: 3/3
   233 | D:1      | Reached XP level 2. HP: 20/20 MP: 0/5
   435 | D:1      | You fall into a shaft and drop 1 floor!
   641 | D:1      | Learned a level 2 spell: Searing Ray
   769 | D:1      | Reached skill level 5 in Conjurations
   871 | D:1      | Reached XP level 3. HP: 26/26 MP: 3/6
  2140 | D:3      | Found a faded altar of an unknown god.
  2173 | D:3      | Found Fuig's Book Emporium.
  2222 | D:3      | Reached XP level 4. HP: 33/33 MP: 1/7
  2227 | D:3      | Learned a level 4 spell: Fulminant Prism
  3212 | D:4      | Noticed a phantom
  3506 | D:4      | Reached XP level 5. HP: 38/38 MP: 1/9
  3592 | D:4      | Killed a phantom
  3593 | D:4      | Reached skill level 6 in Conjurations
  3593 | D:4      | Reached skill level 1 in Hexes
  3845 | D:4      | Noticed a black bear
  3859 | D:4      | Killed a black bear
  3860 | D:4      | Reached XP level 6. HP: 44/45 MP: 1/10
  3981 | D:4      | Reached skill level 7 in Conjurations
  4150 | D:4      | Found a shimmering blue altar of Sif Muna.
  4154 | D:4      | Found a basalt altar of Yredelemnul.
  4423 | D:4      | Found a white marble altar of Elyvilon.
  4429 | D:4      | Found a transporter.
  4510 | D:4      | Found a transporter.
  4820 | D:5      | Entered Level 5 of the Dungeon
  4821 | D:5      | Noticed a water moccasin
  4831 | D:5      | Killed a water moccasin
  4832 | D:5      | Reached skill level 8 in Conjurations
  4832 | D:5      | Your scales start taking on a fiery red colour.
  4832 | D:5      | Reached XP level 7. HP: 48/50 MP: 5/11
  4832 | D:5      | Gained mutation: Your flesh is heat resistant. (rF+) [Red
                  | Draconian growth]
  4979 | D:5      | Noticed a wraith
  5257 | D:5      | Reached skill level 9 in Conjurations
  5323 | D:5      | Noticed Duvessa
  5328 | D:5      | Noticed Dowan
  5333 | D:5      | Killed Duvessa
  5344 | D:5      | Reached skill level 1 in Maces & Flails
  5344 | D:5      | Reached XP level 8. HP: 56/57 MP: 3/13
  5359 | D:5      | Killed Dowan
  5855 | D:5      | Reached skill level 1 in Fighting
  6359 | D:6      | Reached skill level 10 in Conjurations
  6516 | D:6      | Found an opulent altar of Gozag.
  6939 | D:7      | Reached XP level 9. HP: 67/67 MP: 10/16
  6951 | D:7      | Upgraded the game from 0.31-a0-788-ga445dbd2db to
                  | 0.31-a0-844-gdc52ec4e09
  6993 | D:7      | Reached skill level 1 in Shields
  6993 | D:7      | Reached skill level 5 in Spellcasting
  7790 | D:7      | Found a staircase to the Ecumenical Temple.
  7817 | D:7      | Found Pear's Distillery.
  7825 | D:7      | Bought a potion of heal wounds for 55 gold pieces
  7825 | D:7      | Bought a potion of lignification for 33 gold pieces
  7825 | D:7      | Bought a potion of degeneration for 11 gold pieces
  7901 | Temple   | Entered the Ecumenical Temple
  7932 | Temple   | Became a worshipper of Vehumet
  9466 | D:8      | Noticed Joseph
  9505 | D:8      | Reached * piety under Vehumet
  9505 | D:8      | Offered knowledge of Sandblast by Vehumet.
  9511 | D:8      | Learned a level 3 spell: Mephitic Cloud
  9668 | D:8      | Killed Joseph
  9669 | D:8      | Reached skill level 5 in Hexes
  9669 | D:8      | Reached XP level 10. HP: 42/74 MP: 15/20
 10138 | D:9      | Offered knowledge of Freeze by Vehumet.
 10259 | D:9      | Found a staircase to the Orcish Mines.
 10261 | D:9      | Found Egetirghass's Armour Emporium.
 10309 | D:9      | Reached ** piety under Vehumet
 10310 | D:9      | Reached skill level 11 in Conjurations
 10591 | D:9      | Found Ydyriedi's Armour Shoppe.
 10857 | D:9      | Found a transporter.
 10861 | D:9      | Noticed gyole's ghost (novice DrSh)
 10951 | D:9      | Found a transporter.
 10963 | D:9      | Noticed a moth of wrath
 11075 | D:10     | Entered Level 10 of the Dungeon
 11128 | D:10     | Noticed Fannar
 11169 | D:10     | Killed Fannar
 11296 | D:10     | Noticed a gargoyle
 11444 | D:10     | Killed a gargoyle
 11537 | D:10     | Found a staircase to the Lair.
 11620 | D:10     | Noticed a fire crab
 11633 | D:10     | Killed a fire crab
 11634 | D:10     | Reached XP level 11. HP: 19/82 MP: 18/23
 11893 | D:10     | Noticed a two-headed ogre
 11900 | D:10     | Killed a two-headed ogre
 11977 | D:10     | Offered knowledge of Scorch by Vehumet.
 12214 | D:10     | Found Kituum's General Store.
 12222 | D:10     | Bought a book of Chaos for 650 gold pieces
 12222 | D:10     | Bought a scroll of immolation for 52 gold pieces
 12230 | D:10     | Learned a level 6 spell: Conjure Ball Lightning
 12235 | D:10     | Learned a level 4 spell: Iskenderun's Mystic Blast
 12461 | D:10     | Noticed Erolcha
 12473 | D:10     | Killed Erolcha
 12711 | Lair:1   | Entered Level 1 of the Lair of Beasts
 12903 | Lair:1   | Reached skill level 5 in Maces & Flails
 13042 | Lair:1   | Reached skill level 1 in Air Magic
 13107 | Lair:1   | Killed from afar by a rime drake

Illustrated notes

Levels and vault maps discovered:
D:1:      dpeg_arrival_shelter, layout_basic
D:2:      layout_basic, st_stairs_12
D:3:      layout_basic, shapermc_ecumenical_altar_mp_ritualfount, serial_shops,
          shop, guppyfry_early_lair_pool
D:4:      layout_basic, nicolae_overflow_squiral,
          gammafunk_temple_overflow_arena, serial_undead, serial_undead_d,
          serial_undead_c, serial_undead_d, serial_undead_b,
          grunt_decor_junction
D:5:      layout_basic, minmay_gold_behind_fungi, amcnicky_mini_pool_medium,
          uniq_duvessa
D:6:      layout_basic, grunt_gozag_statues
D:7:      layout_rooms, minmay_temple_entry_butterflies, enter_bailey_7,
          serial_shops, nicolae_shop_behind_doors
D:8:      layout_loops_corners, uniq_joseph
D:9:      layout_roguey, orc_david_3, gammafunk_ghost_berserking_beasts,
          serial_shops, nicolae_shop_rolling_square, kennysheep_path_1
D:10:     minmay_goldmine, layout_irregular_city, minmay_lair_entry_lava,
          serial_shops, nicolae_shop_statue_plus, uniq_fannar, uniq_erolcha
Temple:   dpeg_five_rooms_temple
Lair:1:   layout_hall_layers, chequers_serial_rivers_micro_e,
          pdpol_lair_cavern_descent

Skill      XL: |  1  2  3  4  5  6  7  8  9 10 11 |
---------------+----------------------------------+-----
Conjurations   | 5 6 8 9 10 11 | 11.9
Spellcasting   | 3 4 7 8 9 |  9.5
Hexes          | 1 2 5 6 7 |  7.5
Maces & Flails | 1 2 3 4 5 |  5.3
Fighting       | 1 2 3 |  3.7
Shields        | 1 |  1.0
Air Magic      | 1 |  1.4
Dodging        | |  1.7
Stealth        | |  1.7
Poison Magic   | |  0.2

Action                     |  1- 3 |  4- 6 |  7- 9 | 10-12 || total
---------------------------+-------+-------+-------+-------++-------
  Melee: Whip              |    36 |    55 |   117 |   132 ||   340
         Tailslap          |     6 |    11 |    17 |    17 ||    51
         Punch             |       |     2 |     3 |     3 ||     8
  Throw: Stone             |     1 |     1 |       |       ||     2
         Dart              |       |     7 |     3 |       ||    10
   Cast: Magic Dart        |    79 |    60 |    73 |    30 ||   242
         Searing Ray       |     2 |    13 |    32 |    28 ||    75
         Fulminant Prism   |       |       |    29 |    38 ||    67
         Mephitic Cloud    |       |       |     1 |     5 ||     6
         Iskenderun's Myst |       |       |       |     2 ||     2
Ability: Breathe Fire      |       |       |       |     2 ||     2
  Evoke: Wand              |       |       |     1 |     4 ||     5
    Use: Potion            |       |       |     4 |     8 ||    12
         Scroll            |       |       |       |     4 ||     4
   Stab: Sleeping          |     1 |       |       |       ||     1
         Confused          |       |       |     1 |     2 ||     3
 Armour: Skin              |    21 |    29 |    83 |   130 ||   263
  Dodge: Dodged            |    27 |    52 |   136 |   144 ||   359

Table legend: (Time is in decaauts)
 A = Elapsed time spent in this place.
 B = Non-inter-level travel time spent in this place.
 C = Inter-level travel time spent in this place.
 D = Time resting spent in this place.
 E = Time spent auto-exploring this place.
 F = Levels seen in this place.
 G = Mean time per level.
                   A        B        C        D        E       F      G
               +--------+--------+--------+--------+--------+-----+--------+
         Total |  13170 |  12552 |    618 |   3340 |   6932 |  12 | 1097.5 |
       Dungeon |  12718 |  12159 |    559 |   3154 |   6862 |  10 | 1271.8 |
        Temple |     60 |      2 |     58 |      0 |      0 |   1 |   60.0 |
          Lair |    391 |    391 |      0 |    186 |     70 |   1 |  391.0 |
               +--------+--------+--------+--------+--------+-----+--------+

Top non-repeatable levels by time:
     D:4: 2054 daAuts
     D:8: 1694 daAuts
    D:10: 1635 daAuts
     D:5: 1337 daAuts
     D:3: 1087 daAuts
     D:7: 1072 daAuts
     D:9: 1005 daAuts
     D:1: 1002 daAuts
     D:2: 974 daAuts
     D:6: 852 daAuts
  Lair:1: 391 daAuts
  Temple: 60 daAuts
